 Dungeon Crawl Stone Soup version 0.29-a0-322-g68df515 (webtiles) character file.

Game seed: 10675257423389659329

185144 Toastz the Warrior (level 18, -14/144 HPs)
             Began as a Djinni Venom Mage on Apr 7, 2022.
             Was the Champion of Makhleb.
             Killed from afar by a shock serpent (20 damage)
             ... with a bolt of electricity
             ... on level 4 of the Snake Pit on Apr 8, 2022.
             The game lasted 02:44:09 (49948 turns).

Toastz the Warrior (Djinni Venom Mage)             Turns: 49948, Time: 02:44:09

Health: -14/144    AC: 23    Str:  7    XL:     18   Next: 66%
Gold:   2693       EV: 19    Int: 29    God:    Makhleb [******] SH: 15 Dex: 16

rFire   + . .      SeeInvis .   a - +6 demon blade of a Gauntlet {venom, rF- Int+6 Stlth-}
rCold   x . .      Faith    .   K - +1 buckler
rNeg    . . .      Spirit   +   X - +1 acid dragon scales
rPois   ∞          Reflect  .   R - +2 helmet
rElec   .          Harm     .   l - +2 cloak
rCorr   +          Rampage  .   o - +2 pair of gloves
Will    +....                   (boots unavailable)
Stlth   +.........              M - brooch of Shielding {Spirit SH+8}
HPRegen 0.34/turn               T - +4 ring of evasion
MPRegen 0.00/turn               G - +4 ring of protection

@: flying, studying Axes
A: sickness immunity, fire resistance 2, cold vulnerability 1, float, innate
caster, HP casting, extra vitality 1
}: 1/15 runes: decaying
a: Renounce Religion, Minor Destruction, Lesser Servant of Makhleb, Major
Destruction, Greater Servant of Makhleb


You were on level 4 of the Snake Pit.
You worshipped Makhleb.
Makhleb was exalted by your worship.
You visited 6 branches of the dungeon, and saw 32 of its levels.
You also visited: Ossuary and Gauntlet.

You collected 3506 gold pieces.
You spent 813 gold pieces at shops.

Inventory:

Hand Weapons
 a - the +6 demon blade of a Gauntlet (weapon) {venom, rF- Int+6 Stlth-}
   (You found it in a Gauntlet)

   It poisons the flesh of those it strikes.
   Int:       It affects your intelligence (+6).
   rF:        It makes you vulnerable to fire.
   Stlth:     It makes you less stealthy.
 b - the +8 short sword "Icyririm" {vorpal, *Noise Int+7 Dex+3 Stlth-}
   (You found it on level 10 of the Dungeon)

   It inflicts extra damage upon your enemies.
   Int:       It affects your intelligence (+7).
   Dex:       It affects your dexterity (+3).
   *Noise:    It may make noises in combat.
   Stlth:     It makes you less stealthy.
Armour
 l - a +2 cloak (worn)
 o - a +2 pair of gloves (worn)
 v - a +0 kite shield
 D - a +2 robe of resistance
 E - a +0 robe of the Archmagi
 K - a +1 buckler (worn)
 R - a +2 helmet (worn)
 X - +1 acid dragon scales (worn)
Magical Staves
 A - a staff of earth
 H - a staff of conjuration
Jewellery
 g - the ring "Enupharr" {rPois rC+ Int+4}
   (You bought it in a shop on level 5 of the Dungeon)

   [ring of protection from cold]

   Int:       It affects your intelligence (+4).
   rC:        It protects you from cold.
   rPois:     It protects you from poison.
 y - a ring of positive energy
 G - a +4 ring of protection (right hand)
 L - a ring of ice
 M - the brooch of Shielding (around neck) {Spirit SH+8}
   (You found it in a Gauntlet)

   [amulet of guardian spirit]

   It causes incoming damage to be divided between your reserves of health and
   magic.
   SH:        It affects your SH (+8).
 S - the ring "Hiopoeke" {Will+ SInv}
   (You found it in a Gauntlet)

   [ring of see invisible]

   SInv:      It lets you see invisible.
   Will:      It increases your willpower.
 T - a +4 ring of evasion (left hand)
 W - a +6 ring of dexterity
 Y - the ring "Mayruam" {Fly Will++ rCorr MP+9 Str-2}
   (You found it on level 13 of the Dungeon)

   [ring of magical power]

   Str:       It affects your strength (-2).
   MP:        It affects your magic capacity (+9).
   Fly:       It grants you flight.
   rCorr:     It protects you from acid and corrosion.
   Will:      It greatly increases your willpower.
Wands
 i - a wand of digging (16)
 C - a wand of polymorph (20)
 F - a wand of charming (8)
 J - a wand of paralysis (6)
Scrolls
 c - 7 scrolls of fog
 e - 13 scrolls of teleportation
 j - 9 scrolls of immolation
 k - 3 scrolls of holy word
 m - 2 scrolls of fear
 p - 4 scrolls of vulnerability
 t - 6 scrolls of magic mapping
 u - 2 scrolls of brand weapon
 z - 4 scrolls of silence
 O - 6 scrolls of enchant weapon
 Q - a scroll of torment
 V - 2 scrolls of blinking
Potions
 d - 8 potions of attraction
 f - 5 potions of haste
 h - 3 potions of heal wounds
 q - 10 potions of curing
 r - 6 potions of resistance
 s - 2 potions of invisibility
 x - 10 potions of ambrosia
 B - 4 potions of brilliance
 I - 4 potions of mutation
 N - 7 potions of might
 P - 2 potions of cancellation
 U - 2 potions of berserk rage
Miscellaneous
 n - a box of beasts
 w - a condenser vane
 Z - a phantom mirror


   Skills:
 + Level 17.8 Fighting
 - Level 6.7 Long Blades
 - Level 8.0 Armour
 - Level 9.0 Dodging
 - Level 1.5 Stealth
 - Level 6.0 Shields
 + Level 15.5 Spellcasting
 * Level 11.7 Invocations


You had 7 spell levels left.
You knew the following spells:

 Your Spells              Type           Power      Damage    Failure   Level
a - Sting                 Tmut/Pois      100%       1d8       0%          1
b - Poisonous Vapours     Pois/Air       100%       N/A       0%          2
c - Mephitic Cloud        Conj/Pois/Air  85%        N/A       1%          3
d - Olgreb's Toxic Radia  Pois           85%        N/A       1%          4
e - Animate Skeleton      Necr           100%       N/A       0%          1
f - Summon Ice Beast      Ice/Summ       85%        N/A       1%          4
g - Gell's Gravitas       Tloc           85%        N/A       1%          3
h - Dazzling Flash        Conj/Hex       100%       N/A       1%          3
i - Passwall              Tmut/Erth      70%        N/A       0%          2
j - Dragon Form           Tmut           42%        N/A       7%          7
q - Summon Forest         Summ/Tloc      42%        N/A       1%          5
s - Iron Shot             Conj/Erth      42%        9d8       1%          6
Your spell library was empty.

Dungeon Overview and Level Annotations

Branches:
Dungeon (15/15)            Temple (1/1) D:5            Lair (6/6) D:10
  Swamp (4/4) Lair:4        Snake (4/4) Lair:2        Slime (0/5) Lair:6
    Orc (2/2) D:9             Elf (0/3) Orc:2        Vaults (0/5) D:14
 Depths (0/4) D:15        Ossuary (visited)         Gauntlet (visited)

Altars:
Ashenzari
Cheibriados
Dithmenos
Elyvilon
Fedhas
Gozag
Hepliaklqana
Kikubaaqudgha
Makhleb
Nemelex Xobeh
Okawaru
Qazlal
Ru
Sif Muna
Trog
Uskayaw
Vehumet
Wu Jian
Xom
Yredelemnul
Zin
The Shining One
Jiyva

Shops:
D:5 =   D:10 ?   Orc:2 *:=!*


Innate Abilities, Weirdness & Mutations

You are immune to sickness and miasma.
You are immune to poison.
Your flesh is very heat resistant. (rF++)
You are vulnerable to cold. (rC-)
You float through the air rather than walking.
You learn spells naturally, not from books.
Your magical power is your life essence.
You have superior vitality. (+4 MHP)


Message History

The bolt of electricity hits you!
The naga sharpshooter mumbles some strange words.
The naga sharpshooter magically shoots an arrow.
The arrow hits you.
Casting: Iron Shot (mildly dangerous; 1% risk of failure)
Confirm with . or Enter, or press ? or * to list all spells.
Aiming: Iron Shot (mildly dangerous; 1% risk of failure)
Press: ? - help, Shift-Dir - straight line, f/p - naga sharpshooter
Aim: a naga sharpshooter, wielding a +2 vorpal longbow (severely wounded, 76% to hit)
The iron shot misses the naga sharpshooter.
The naga sharpshooter shoots an arrow.
The arrow hits you!
The shock serpent shoots out a bolt of lightning at you!
The bolt of electricity hits you!!
The naga sharpshooter shoots an arrow.
You block the arrow.
Casting: Iron Shot (mildly dangerous; 1% risk of failure)
Confirm with . or Enter, or press ? or * to list all spells.
Aiming: Iron Shot (mildly dangerous; 1% risk of failure)
Press: ? - help, Shift-Dir - straight line, f/p - naga sharpshooter
Aim: a naga sharpshooter, wielding a +2 vorpal longbow (severely wounded, 76% to hit)
Okay, then.
Casting: Iron Shot (mildly dangerous; 1% risk of failure)
Confirm with . or Enter, or press ? or * to list all spells.
A chill wind blows around you.
The shock serpent shoots out a bolt of lightning at you!
The bolt of electricity hits you!!
* * * LOW HITPOINT WARNING * * *
The bolt of electricity hits your ice beast!!
The bolt of electricity hits your ice beast!
Blink to where?
Press: ? - help, Dir - move target, p - naga sharpshooter
As you read the scroll of blinking, it crumbles to dust.
The shock serpent shoots out a bolt of lightning at you!
The bolt of electricity hits you!!
* * * LOW HITPOINT WARNING * * *
Things that are here:
a +0 robe; a +0 hand axe
There is a stone staircase leading up, spattered with blood here.
The shock serpent shoots out a bolt of lightning at you!
The bolt of electricity hits you!!
You die...

#....♣....## ...
#.......## .#.#
#.♣...♣.# #..#
#.......## ..
....♣....###
............###
..#######.....#####
##...S[...#
###...[@.# ####...#
##### . ....


You could see a shock serpent.

Vanquished Creatures
  Frances (Swamp:1)
  The ghost of Upuhic the Executioner, an adept HOMo of Uskayaw (Snake:2)
  A thorn hunter (Swamp:4)
  2 fenstrider witches
  2 nagarajas (Snake:3)
  2 ghouls (Swamp:3)
  A quicksilver ooze (Gauntlet)
  Nessos (D:15)
  An eleionoma (Swamp:1)
  4 bunyips
  A minotaur (Gauntlet)
  An ice dragon (Swamp:4)
  A yaktaur captain (D:14)
  7 naga warriors
  A salamander tyrant (Snake:3)
  2 shambling mangroves
  9 hydras
  2 centaur warriors
  7 anacondas
  2 two-headed ogres
  2 tengu warriors (D:15)
  3 alligators
  3 shock serpents
  2 naga sharpshooters
  9 spriggans
  2 goliath frogs
  4 sea snakes (Snake:1)
  2 salamander mystics
  3 skeletal warriors (D:14)
  A spriggan druid (Swamp:2)
  8 swamp dragons
  6 bog bodies
  5 naga ritualists
  A necromancer (D:15)
  An orc knight (Orc:2)
  2 deep elf zephyrmancers (D:15)
  A deep elf pyromancer (D:15)
  An ugly thing (D:13)
  2 wizards
  A manticore (D:15)
  8 mana vipers
  A cyclops (D:14)
  An orc sorcerer (D:15)
  A wolf spider zombie (D:15)
  A will-o-the-wisp (Swamp:1)
  9 salamanders
  6 elephants
  3 guardian serpents (Snake:3)
  9 naga magi
  21 black mambas
  3 centaur skeletons (D:15)
  Psyche (D:8)
  Maurice (D:8)
  A cane toad (shapeshifter) (D:14)
  4 cane toads
  2 freezing wraiths (D:14)
  A kobold demonologist (D:7)
  7 komodo dragons
  3 rime drakes
  A yaktaur (D:14)
  2 trolls
  11 tyrant leeches
  2 polar bears
  13 slime creatures
  A queen bee (Lair:2)
  10 hornets
  5 blink frogs
  4 dream sheep (Lair:5)
  A blink frog (shapeshifter) (D:14)
  A spectral black mamba (Snake:2)
  Sigmund (D:6)
  A shock serpent simulacrum (Snake:2)
  A centaur simulacrum (D:15)
  6 wyverns
  A wraith (D:12)
  A vampire (D:10)
  23 yaks
  2 basilisks
  2 small abominations (Gauntlet)
  2 steam dragons
  8 vampire mosquitoes
  Grum (D:9)
  37 nagas
  4 wargs (D:9)
  14 swamp worms
  9 water moccasins
  An acid dragon (D:12)
  A hell hound (Lair:6)
  A sky beast (D:7)
  22 orc warriors
  2 black bears
  4 swamp drakes
  3 ice beasts
  6 ogres
  2 black mamba simulacra (Snake:2)
  13 wolves
  19 centaurs
  15 kobold brigands
  11 bullfrogs
  A necrophage (D:5)
  12 scorpions
  11 wights
  A spectral naga (Snake:2)
  27 killer bees
  4 electric eels (Snake:1)
  5 howler monkeys
  4 lava snakes
  2 centaur zombies (Ossuary)
  2 human zombies (Ossuary)
  4 hounds
  A jelly (D:7)
  9 orc priests
  A gnoll shaman (D:7)
  4 iguanas
  2 hell rats (Lair:1)
  6 scorpion zombies (Ossuary)
  Natasha (D:4)
  11 orc wizards
  A naga simulacrum (Snake:2)
  3 mummies (Ossuary)
  43 gnolls
  7 adders
  6 river rats (Lair:1)
  A white imp (D:7)
  2 ufetubi
  2 worms (D:4)
  The ghost of Caerwyn the Sneak, a weakling MyDe (D:7)
  2 dart slugs (D:3)
  68 orcs
  9 endoplasms
  6 giant cockroaches
  3 gnoll zombies (Ossuary)
  7 goblins
  7 hobgoblins
  12 jackals (D:5)
  4 quokkas
  2 ball pythons (D:4)
  8 bats
  3 frilled lizards
  3 goblin zombies (Ossuary)
  A hobgoblin zombie (Ossuary)
  27 kobolds
  A kobold zombie (Ossuary)
  An orc zombie (Ossuary)
  7 rats
800 creatures vanquished.

Vanquished Creatures (collateral kills)
  Jorgrun (Orc:1)
  A nagaraja (Snake:3)
  A ghoul (Swamp:3)
  A bunyip (Swamp:4)
  The ghost of ExtraWatermelon the Spry, a journeyman SpHu of Hepliaklqana (Orc:2)
  2 shambling mangroves (Swamp:4)
  A fire dragon (Lair:6)
  2 naga warriors
  A salamander tyrant (Snake:3)
  11 hydras
  A two-headed ogre (D:10)
  3 centaur warriors
  A naga sharpshooter (Snake:3)
  A shock serpent (Snake:3)
  A salamander mystic (Snake:4)
  4 swamp dragons
  3 spriggan druids
  2 orc knights
  A harpy (shapeshifter) (D:13)
  A mana viper (Snake:1)
  3 orc sorcerers
  4 cyclopes
  7 black mambas
  A manticore (D:15)
  An elephant (Lair:6)
  2 molten gargoyles (Lair:6)
  2 torpor snails
  5 cane toads
  2 rime drakes
  A yaktaur (D:14)
  3 komodo dragons
  A spectral naga (Snake:2)
  A polar bear (Lair:3)
  A troll (D:14)
  2 hornets (Swamp:4)
  7 blink frogs
  5 slime creatures (D:15)
  A spectral black mamba (Snake:2)
  A vampire (D:13)
  A salamander simulacrum (Snake:2)
  2 wyverns
  30 yaks
  A basilisk (Lair:6)
  A steam dragon (D:10)
  4 nagas
  4 swamp worms
  An acid dragon (D:13)
  14 water moccasins
  2 hell hounds (Lair:6)
  10 orc warriors
  3 swamp drakes (Swamp:4)
  2 small abominations (Gauntlet)
  3 wolves
  4 centaurs
  3 bullfrogs
  5 killer bees (Lair:2)
  5 electric eels (Snake:1)
  2 lava snakes (Lair:6)
  An orc priest (Orc:2)
  An orc wizard (D:9)
  An orc (Orc:2)
  A goblin (D:2)
191 creatures vanquished.

Vanquished Creatures (others)
  A bloated husk (Swamp:2)
  A tyrant leech (Swamp:3)
  2 briar patches (Swamp:4)
  A bush (Lair:4)
  92 fungi
  111 plants
  6 snaplasher vines
214 creatures vanquished.

Grand Total: 1205 creatures vanquished

Notes
Turn   | Place    | Note
-------+----------+-------------------------------------------
     0 | D:1      | Toastz the Djinni Venom Mage began the quest for the Orb.
     0 | D:1      | Reached XP level 1. HP: 15/15 MP: 0/0
   346 | D:1      | Reached XP level 2. HP: 20/22 MP: 0/0
   395 | D:1      | Reached skill level 1 in Fighting
  1149 | D:1      | Reached XP level 3. HP: 25/27 MP: 0/0
  1149 | D:1      | Learned a level 1 spell: Animate Skeleton
  1783 | D:2      | Reached skill level 2 in Fighting
  1783 | D:2      | Reached XP level 4. HP: 11/33 MP: 0/0
  2498 | D:3      | Reached skill level 3 in Fighting
  2498 | D:3      | Reached XP level 5. HP: 15/40 MP: 0/0
  2498 | D:3      | Learned a level 2 spell: Passwall
  2747 | D:3      | Found a shimmering altar of Xom.
  2873 | D:3      | Reached XP level 6. HP: 18/46 MP: 0/0
  4064 | D:3      | Reached skill level 4 in Fighting
  4376 | D:3      | Found a faded altar of an unknown god.
  4649 | D:3      | Found an opulent altar of Gozag.
  4700 | D:4      | Noticed an ogre
  4713 | D:3      | Killed an ogre
  4714 | D:3      | Reached XP level 7. HP: 40/53 MP: 0/0
  4714 | D:3      | Learned a level 3 spell: Gell's Gravitas
  6155 | D:4      | Noticed Natasha
  6161 | D:4      | Reached skill level 5 in Fighting
  6165 | D:4      | Killed Natasha
  6760 | D:5      | Entered Level 5 of the Dungeon
  6774 | D:5      | Noticed a water moccasin
  6794 | D:5      | Killed a water moccasin
  6795 | D:5      | Reached skill level 5 in Spellcasting
  6795 | D:5      | Reached XP level 8. HP: 28/60 MP: 0/0
  7048 | D:5      | Found Totuntur's Jewellery Shop.
  7394 | D:5      | Reached skill level 6 in Fighting
  7453 | D:5      | Found a staircase to the Ecumenical Temple.
  7463 | Temple   | Entered the Ecumenical Temple
  7808 | Temple   | Became a worshipper of Makhleb the Destroyer
  8279 | D:5      | Reached * piety under Makhleb
  8599 | D:5      | Reached XP level 9. HP: 65/67 MP: 0/0
  8599 | D:5      | Learned a level 3 spell: Dazzling Flash
  9122 | D:6      | Reached skill level 7 in Fighting
  9150 | D:6      | Reached ** piety under Makhleb
  9442 | D:6      | Noticed Sigmund
  9454 | D:6      | Killed Sigmund
  9710 | D:6      | Noticed a troll
  9729 | D:6      | Killed a troll
  9829 | D:6      | Reached skill level 8 in Fighting
 10122 | D:7      | Reached XP level 10. HP: 43/76 MP: 0/0
 10536 | D:7      | Found an ornate altar of the Wu Jian Council.
 11332 | D:7      | Found a white marble altar of Elyvilon.
 11579 | D:7      | Found a runed translucent gate.
 11580 | D:7      | Found a runed translucent gate.
 11581 | D:7      | Found a runed translucent gate.
 11581 | D:7      | Noticed Caerwyn's ghost (weakling MyDe)
 11582 | D:7      | Noticed a kobold demonologist
 11608 | D:7      | Reached skill level 9 in Fighting
 12082 | D:8      | Found a hide-covered altar of Uskayaw.
 12112 | D:8      | Found a sacrificial altar of Ru.
 12337 | D:8      | Noticed Psyche
 12380 | D:8      | Killed Psyche
 12518 | D:8      | Noticed Maurice
 12542 | D:8      | Killed Maurice
 12543 | D:8      | Reached skill level 5 in Dodging
 12556 | D:8      | Found a sand-covered staircase.
 12649 | Ossuary  | Entered an ossuary
 12754 | Ossuary  | Reached *** piety under Makhleb
 13315 | D:8      | Reached skill level 10 in Fighting
 13560 | D:8      | Reached **** piety under Makhleb
 13561 | D:8      | Reached XP level 11. HP: 82/85 MP: 0/0
 13561 | D:8      | Learned a level 4 spell: Summon Ice Beast
 14014 | D:7      | Killed Caerwyn's ghost
 14339 | D:9      | Found a staircase to the Orcish Mines.
 14372 | D:9      | Noticed Grum
 14386 | D:9      | Killed Grum
 14387 | D:9      | Reached skill level 10 in Spellcasting
 14752 | D:9      | Reached skill level 1 in Invocations
 15250 | D:10     | Entered Level 10 of the Dungeon
 15675 | D:10     | Found Obbix's Magic Scroll Emporium.
 15881 | D:10     | Reached skill level 11 in Fighting
 16069 | D:10     | Bought a scroll of identify for 26 gold pieces
 16069 | D:10     | Bought a scroll of identify for 26 gold pieces
 16069 | D:10     | Bought a scroll of blinking for 97 gold pieces
 16080 | D:10     | Found a staircase to the Lair.
 16082 | D:10     | Noticed a two-headed ogre
 16098 | D:10     | Killed a two-headed ogre
 16100 | D:10     | Noticed a two-headed ogre
 16108 | D:10     | Killed a two-headed ogre
 16221 | D:10     | Reached XP level 12. HP: 77/94 MP: 0/0
 16464 | D:10     | Reached ***** piety under Makhleb
 16774 | D:10     | Identified the +8 short sword "Icyririm" {vorpal, *Noise
                  | Int+7 Dex+3 Stlth-}
 17478 | D:11     | Noticed an eight-headed hydra
 17487 | D:11     | Killed an eight-headed hydra
 17636 | D:11     | Reached skill level 5 in Invocations
 18487 | Lair:1   | Entered Level 1 of the Lair of Beasts
 19452 | Lair:2   | Reached skill level 12 in Fighting
 19920 | Lair:2   | Reached XP level 13. HP: 102/102 MP: 0/0
 19920 | Lair:2   | Learned a level 5 spell: Summon Forest
 19936 | Lair:2   | Found a staircase to the Snake Pit.
 20367 | Lair:2   | Reached skill level 1 in Shields
 20703 | Lair:3   | Noticed a five-headed hydra
 20706 | Lair:3   | Noticed a five-headed hydra
 20711 | Lair:3   | Killed a five-headed hydra
 20713 | Lair:3   | Killed a five-headed hydra
 20841 | Lair:3   | Reached skill level 13 in Fighting
 20912 | Lair:3   | Noticed an eight-headed hydra
 20922 | Lair:3   | Killed an eight-headed hydra
 21067 | Lair:3   | Noticed a four-headed hydra
 21072 | Lair:3   | Killed a four-headed hydra
 21168 | Lair:3   | Reached ****** piety under Makhleb
 21695 | Lair:4   | Found a staircase to the Swamp.
 22469 | Lair:5   | Reached skill level 5 in Shields
 22543 | Lair:5   | Noticed a five-headed hydra
 22551 | Lair:5   | Killed a five-headed hydra
 22614 | Lair:5   | Noticed an eight-headed hydra
 22625 | Lair:5   | Killed an eight-headed hydra
 22626 | Lair:5   | Reached XP level 14. HP: 47/110 MP: 0/0
 23262 | Lair:6   | Entered Level 6 of the Lair of Beasts
 23650 | Lair:6   | Found a staircase to the Slime Pits.
 23651 | Lair:6   | Found a viscous altar of Jiyva.
 24607 | Lair:6   | Found a large runed translucent door.
 24607 | Lair:6   | Found a large runed translucent door.
 24639 | Lair:6   | Reached skill level 14 in Fighting
 25485 | Lair:6   | Reached skill level 1 in Armour
 25754 | Orc:1    | Entered Level 1 of the Orcish Mines
 25924 | Orc:2    | Entered Level 2 of the Orcish Mines
 26452 | Orc:2    | Reached XP level 15. HP: 68/117 MP: 0/0
 26452 | Orc:2    | Learned a level 6 spell: Iron Shot
 27324 | Orc:2    | Found a staircase to the Elven Halls.
 27397 | Orc:2    | Found Vyryeq's Jewellery Shoppe.
 27397 | Orc:2    | Found Fasiwn's Distillery.
 27397 | Orc:2    | Found Jetishec's General Store.
 27400 | Orc:2    | Found Ylorek's Book Emporium.
 27407 | Orc:2    | Bought a potion of brilliance for 40 gold pieces
 27528 | Orc:2    | Found a runed translucent gate.
 27529 | Orc:2    | Found a runed translucent gate.
 27530 | Orc:2    | Found a runed translucent gate.
 27531 | Orc:2    | Found an opulent altar of Gozag.
 27533 | Orc:2    | Noticed ExtraWatermelon's ghost (journeyman SpHu)
 27534 | Orc:2    | Found Wosees's Assorted Antiques.
 27801 | Orc:1    | Noticed Jorgrun
 27919 | Orc:1    | Killed Jorgrun
 28295 | Orc:2    | Killed ExtraWatermelon's ghost
 29381 | D:13     | Identified the ring "Mayruam" {Fly Will++ rCorr MP+9 Str-2}
 29999 | D:14     | Found a gate leading to a gauntlet.
 30047 | Gauntlet | Entered a Gauntlet
 30047 | Gauntlet | Found a transporter.
 30057 | Gauntlet | Found a transporter.
 30068 | Gauntlet | Found a transporter.
 30071 | Gauntlet | Found a transporter.
 30079 | Gauntlet | Found a transporter.
 30079 | Gauntlet | Noticed a quicksilver ooze
 30100 | Gauntlet | Found a transporter.
 30111 | Gauntlet | Found a transporter.
 30118 | Gauntlet | Found a runed translucent door.
 30121 | Gauntlet | Found a transporter.
 30140 | Gauntlet | Found a transporter.
 30154 | Gauntlet | Found a transporter.
 30154 | Gauntlet | Found a transporter.
 30200 | Gauntlet | Found a runed translucent door.
 30203 | Gauntlet | Found a transporter.
 30217 | Gauntlet | Found a transporter.
 30230 | Gauntlet | Found a transporter.
 30603 | Gauntlet | Identified the +6 demon blade of a Gauntlet {venom, rF-
                  | Int+6 Stlth-}
 30628 | Gauntlet | Killed a quicksilver ooze
 30643 | Gauntlet | Identified the ring "Hiopoeke" {Will+ SInv}
 30665 | Gauntlet | Found the brooch of Shielding {Spirit SH+8}
 30665 | Gauntlet | Identified the +4 hand axe of the Curious Tables {pain, rC+
                  | Dex+2}
 30665 | Gauntlet | Identified the ring "Yxkiezut" {rCorr Str+6 Int-5 Dex+4
                  | SInv}
 31059 | D:14     | Reached skill level 10 in Invocations
 31552 | D:5      | Bought the ring "Enupharr" {rPois rC+ Int+4} for 624 gold
                  | pieces
 31960 | D:14     | Found a gate to the Vaults.
 32367 | D:14     | Reached skill level 15 in Fighting
 32713 | D:15     | Entered Level 15 of the Dungeon
 32749 | D:15     | Reached skill level 5 in Armour
 33126 | D:15     | Reached XP level 16. HP: 82/126 MP: 0/0
 33346 | D:15     | Found a staircase to the Depths.
 33563 | D:15     | Reached skill level 1 in Long Blades
 34139 | D:15     | Noticed Nessos
 34143 | D:15     | Killed Nessos
 34483 | Swamp:1  | Entered Level 1 of the Swamp
 34528 | Swamp:1  | Identified the +5 falchion of Beogh's Respect {antimagic,
                  | rPois rC+ Will+}
 34789 | Swamp:1  | Noticed Frances
 34793 | Swamp:1  | Killed Frances
 35814 | Swamp:2  | Noticed a fenstrider witch
 35819 | Swamp:2  | Paralysed by a fenstrider witch for 3 turns
 35826 | Swamp:2  | Killed a fenstrider witch
 36425 | Swamp:1  | Reached skill level 5 in Long Blades
 37616 | Swamp:3  | Reached skill level 16 in Fighting
 38088 | Swamp:4  | Entered Level 4 of the Swamp
 38147 | Swamp:4  | Noticed a fenstrider witch
 38158 | Swamp:4  | Killed a fenstrider witch
 38192 | Swamp:4  | Reached XP level 17. HP: 116/133 MP: 0/0
 38192 | Swamp:4  | Learned a level 7 spell: Dragon Form
 39331 | Swamp:4  | Noticed a thorn hunter
 40253 | Swamp:4  | Killed a thorn hunter
 40970 | Swamp:4  | Got a decaying rune of Zot
 41239 | Snake:1  | Entered Level 1 of the Snake Pit
 41524 | Lair:2   | Reached skill level 17 in Fighting
 42289 | Snake:1  | Reached skill level 15 in Spellcasting
 44661 | Snake:2  | Reached XP level 18. HP: 139/143 MP: 0/0
 44701 | Snake:2  | Found a runed translucent gate.
 44701 | Snake:2  | Found a runed translucent gate.
 44701 | Snake:2  | Found a runed translucent gate.
 46032 | Snake:2  | Noticed Upuhic's ghost (adept HOMo)
 46052 | Snake:2  | Killed Upuhic's ghost
 47575 | Snake:3  | Found a broken altar of Ashenzari.
 48708 | Snake:4  | Entered Level 4 of the Snake Pit
 48802 | Snake:3  | HP: 5/144 [nagaraja/+0 halberd (15)]
 49944 | Snake:4  | HP: 4/144 [shock serpent/bolt of electricity (23)]
 49948 | Snake:4  | Killed from afar by a shock serpent

Illustrated notes

Levels and vault maps discovered:
D:1:      evilmike_arrival_hilbert_curve, layout_loops_ring
D:2:      layout_rooms, minmay_distorted
D:3:      cheibrodos_pilgrimage, layout_loops_corners, marbit_many_paths,
          general_overflow_altar, dreamdust_ecumenical_altar_statues,
          kennysheep_donut
D:4:      layout_gridville, uniq_natasha
D:5:      lemuel_castle_with_subvaults [lemuel_castle_interior_carwin_2],
          layout_rooms, minmay_temple_entry_statues_fountains, serial_shops,
          kennysheep_mini_moat, lemuel_flamethrower_2
D:6:      layout_basic, uniq_sigmund
D:7:      layout_gridville, mainiacjoe_overflow_concentric_impassable,
          mainiacjoe_overflow_cross_hatched, gammafunk_ghost_nasty_kobolds
D:8:      nicolae_BIG_FREAKIN_CUBE, layout_loops_corners,
          nicolae_uskayaw_suspiria, mainiacjoe_overflow_catwalk, enter_bailey_4,
          lightli_ossuary_entry_decrepit_ruins, uniq_maurice, uniq_psyche
D:9:      layout_long_grid, lemuel_doored_altar, minmay_orc_entry_guard_dogs,
          uniq_grum
D:10:     layout_layer_cave, overflow_temple_1_default,
          due_lair_maze_entry_diamond, serial_shops, shop
D:11:     layout_loops_ring
D:12:     layout_rooms
D:13:     layout_basic
D:14:     layout_cave_pools, david_vaults_2, hangedman_abyss_or_decor_stabs,
          gauntlet_entry_generic
D:15:     grunt_enter_depths_magical_seal, layout_basic, kennysheep_crisscross,
          chequers_serial_rivers_micro_e, uniq_nessos
Temple:   jpeg_temple_clearing
Lair:1:   layout_long_grid, kennysheep_rathole
Lair:2:   layout_long_grid, guppyfry_snake_entry_island, special_room
          [special_room_bee]
Lair:3:   layout_loops_ring
Lair:4:   layout_cave_shapes, swamp_mist_pool, nicolae_lair_grove_arrangements,
          grunt_megastairs_3, serial_bayou_shore_b
Lair:5:   layout_long_grid
Lair:6:   cheibrodos_lair_end_hotspot, layout_regular_city, slime_altar_1
Swamp:1:  layout_basic_swamp, infiniplex_staircase_pool_2, swamp_pool3,
          uniq_frances
Swamp:2:  layout_falls_marsh, serial_swamp_ruin, evilmike_swamp_ruin_house_4,
          evilmike_swamp_ruin_house_5
Swamp:3:  layout_basic_swamp, evilmike_swamp_ruin_house_3
Swamp:4:  swamp_alternative, layout_basic_swamp
Snake:1:  layout_misc_corridors, serial_bayou_lake_a, serial_bayou_shore_b,
          serial_bayou_shore_b
Snake:2:  layout_honeycomb, gammafunk_ghost_necromancy, st_stairs_11
Snake:3:  layout_concentric_octagons, basic_altar, lemuel_fruit_tree,
          grunt_megastairs_1
Snake:4:  snake_hunt, layout_cave_shapes, serial_bayou_shore_b,
          grunt_megastairs_4, uniq_vashnia
Orc:1:    layout_diamond_mine, uniq_jorgrun, uniq_urug
Orc:2:    st_orc_rangers, layout_caves, ebering_ghost_gozag

Skill      XL: |  1  2  3  4  5  6  7  8  9 10 11 12 13 14 15 16 17 18 |
---------------+-------------------------------------------------------+-----
Fighting       | 1 2 3 4 5 6 8 10 11 12 13 14 15 16 17 | 17.8
Spellcasting   | 3 4 5 6 7 9 10 11 12 13 14 15 | 15.5
Dodging        | 3 5 6 7 9 |  9.0
Invocations    | 3 7 8 9 10 11 | 11.7
Shields        | 5 6 |  6.0
Armour         | 2 5 7 8 |  8.0
Long Blades    | 6 |  6.7
Stealth        | |  1.5

Action                   |  1- 3 |  4- 6 |  7- 9 | 10-12 | 13-15 | 16-18 || total
-------------------------+-------+-------+-------+-------+-------+-------++-------
Melee: Whip              |     9 |    31 |       |       |       |       ||    40
       Falchion          |       |    38 |   142 |   207 |       |       ||   387
       Punch             |       |     1 |     1 |     1 |       |       ||     3
       Short sword       |       |       |       |    52 |   283 |     4 ||   339
       Demon blade       |       |       |       |       |       |   271 ||   271
       Unarmed           |       |       |       |       |       |     6 ||     6
       Tailslap          |       |       |       |       |       |     2 ||     2
       Bite              |       |       |       |       |       |     1 ||     1
 Cast: Sting             |    55 |    74 |   113 |    40 |    16 |     3 ||   301
       Poisonous Vapours |     2 |     1 |    27 |    36 |    70 |     5 ||   141
       Animate Skeleton  |     5 |     1 |     1 |     9 |       |       ||    16
       Mephitic Cloud    |     1 |    11 |    27 |    58 |    54 |     7 ||   158
       Passwall          |       |     2 |       |       |       |       ||     2
       Gell's Gravitas   |       |       |    15 |     9 |     6 |     7 ||    37
       Olgreb's Toxic Ra |       |       |    25 |    55 |    61 |    17 ||   158
       Summon Ice Beast  |       |       |       |    23 |    73 |    53 ||   149
       Summon Forest     |       |       |       |       |    29 |    11 ||    40
       Dazzling Flash    |       |       |       |       |     1 |       ||     1
       Iron Shot         |       |       |       |       |    62 |   380 ||   442
       Dragon Form       |       |       |       |       |       |     1 ||     1
Invok: Minor Destruction |       |       |       |    93 |    18 |       ||   111
       Greater Servant o |       |       |       |       |       |     1 ||     1
  Use: Scroll            |       |     1 |     4 |    20 |    11 |    14 ||    50
       Potion            |       |       |     2 |     2 |       |     6 ||    10
 Stab: Confused          |       |     2 |     3 |     6 |     6 |     2 ||    19
       Sleeping          |       |     1 |     1 |       |       |       ||     2
       Distracted        |       |       |       |     1 |     5 |     1 ||     7
       Invisible         |       |       |       |       |     1 |       ||     1
Armor: Robe              |     5 |    28 |    76 |   135 |    43 |       ||   287
       Scale mail        |       |       |       |       |    40 |       ||    40
       Acid dragon scale |       |       |       |       |    31 |   196 ||   227
       Skin              |       |       |       |       |       |    15 ||    15
Dodge: Dodged            |    12 |    71 |   128 |   304 |   336 |   367 ||  1218
Block: Buckler           |       |       |       |    55 |   179 |   460 ||   694
       Other             |       |       |       |       |       |    10 ||    10

Table legend: (Time is in decaauts)
 A = Elapsed time spent in this place.
 B = Non-inter-level travel time spent in this place.
 C = Inter-level travel time spent in this place.
 D = Time resting spent in this place.
 E = Time spent auto-exploring this place.
 F = Levels seen in this place.
 G = Mean time per level.
                   A        B        C        D        E       F      G
               +--------+--------+--------+--------+--------+-----+--------+
         Total |  50263 |  48027 |   2236 |  17754 |  22823 |  34 | 1478.3 |
       Dungeon |  23122 |  21777 |   1345 |   6498 |  12047 |  15 | 1541.5 |
        Temple |    360 |    320 |     40 |    223 |     83 |   1 |  360.0 |
          Lair |   7859 |   7492 |    367 |   2180 |   3975 |   6 | 1309.8 |
         Swamp |   6729 |   6522 |    207 |   3550 |   2208 |   4 | 1682.2 |
     Snake Pit |   8279 |   8144 |    135 |   3945 |   3155 |   4 | 2069.8 |
  Orcish Mines |   2714 |   2573 |    141 |   1115 |    943 |   2 | 1357.0 |
       Ossuary |    492 |    492 |      0 |      6 |    221 |   1 |  492.0 |
      Gauntlet |    706 |    706 |      0 |    237 |    191 |   1 |  706.0 |
               +--------+--------+--------+--------+--------+-----+--------+

Top non-repeatable levels by time:
 Snake:3: 3007 daAuts
 Snake:1: 2819 daAuts
 Swamp:3: 2451 daAuts
     D:3: 2417 daAuts
 Snake:2: 2381 daAuts
     D:7: 2351 daAuts
  Lair:6: 2184 daAuts
    D:10: 2117 daAuts
     D:5: 1909 daAuts
 Swamp:1: 1885 daAuts
     D:4: 1855 daAuts
  Lair:2: 1720 daAuts
   Orc:2: 1695 daAuts
     D:1: 1522 daAuts
 Swamp:4: 1508 daAuts
